 Dungeon Crawl Stone Soup version 0.29.1-12-g30fa7ad0bf (webtiles) character file.

Game seed: 14739927790381629744

3 Madnessol the Ruffian (level 1, -1/16 HPs)
             Began as a Draconian Transmuter on Dec 27, 2022.
             Frozen to death by an endoplasm (3 damage)
             ... on level 1 of the Dungeon.
             The game lasted 00:01:25 (92 turns).

Madnessol the Ruffian (Draconian Transmuter)          Turns: 92, Time: 00:01:27

Health: -1/16      AC:  4    Str: 12    XL:     1   Next: 41%
Magic:  3/3        EV:  9    Int: 13    God:
Gold:   0          SH:  0    Dex: 11    Spells: 3/4 levels left

rFire   . . .      SeeInvis .     - Unarmed
rCold   . . .      Faith    .   (no shield)
rNeg    . . .      Spirit   .   (body armour unavailable)
rPois   .          Reflect  .   (helmet restricted)
rElec   .          Harm     .   (no cloak)
rCorr   .          Rampage  .   (no gloves)
Will    .....                   (no boots)
Stlth   +.........              (no amulet)
HPRegen 0.05/turn               (no ring)
MPRegen 0.08/turn               (no ring)

@: constricted
A: AC +4, unfitting armour, cold-blooded
a: no special abilities


You were on level 1 of the Dungeon.
You visited 1 branch of the dungeon, and saw 1 of its levels.

Inventory:

Scrolls
 a - a scroll of fear {unknown}


   Skills:
 + Level 1.1 Fighting
 + Level 1.7 Dodging
 + Level 3.1 Unarmed Combat
 + Level 2.1 Spellcasting
 + Level 2.0 Transmutations


You had 3 spell levels left.
You knew the following spells:

 Your Spells              Type           Power      Damage    Failure   Level
a - Beastly Appendage     Tmut           12%        N/A       11%         1

Your spell library contained the following spells:

 Spells                   Type           Power      Damage    Failure   Level
 Wereblood                Tmut           6%         N/A       17%         2
 Spider Form              Tmut/Pois      3%         N/A       45%         3
 Ice Form                 Ice/Tmut       3%         N/A       86%         4


Dungeon Overview and Level Annotations

Branches:
Dungeon (1/15)

Altars:


Innate Abilities, Weirdness & Mutations

Your plain brown scales are hard. (AC +4)
You cannot fit into any form of body armour.
You are cold-blooded and may be slowed by cold attacks.


Message History

You kill the giant cockroach!
You cannot move.
You cannot move.
You cannot move.
You cannot move.
Your transformation is almost over.
You feel less wooden.
Things that are here:
a giant cockroach corpse; a ball python corpse
a - a scroll labelled PATTAELUAN
Found a stone staircase leading down.
Found 13 gold pieces.
A ball python, an endoplasm and a bat come into view.
The ball python hisses angrily.
The endoplasm quivers.
The bat hits you but does no damage. The bat hits you but does no damage.
The ball python bites you. The ball python closely misses you.
The bat hits you but does no damage.
The ball python bites you but does no damage.
The ball python misses you.
You miss the bat.
You tail-slap the bat, but do no damage.
The bat hits you but does no damage. x2
The endoplasm freezes you.
You are frozen.
* * * LOW HITPOINT WARNING * * *
The ball python closely misses you. x2
You barely miss the endoplasm. The bat hits you but does no damage. x2
The endoplasm hits you but does no damage.
The ball python bites you but does no damage.
The ball python grabs you. The ball python constricts you.
* * * LOW HITPOINT WARNING * * *
You hit the ball python.
The ball python is severely wounded.
The bat barely misses you.
The ball python bites you but does no damage.
The ball python constricts you. The endoplasm freezes you.
You are frozen.
You die...

##### #...# ##...#
#>...## #.....######
#####...b......#
.......@.#####.#####
.......SJ#
#.......#####
.........#
#.......##...
.....$...#
#........#...
.........#
#........#...
.........#
########.#...
.........# #.†...
......#### #.#...
###.####


You could see an endoplasm, a bat and a ball python.

Vanquished Creatures
  A giant cockroach (D:1)
  A hobgoblin (D:1)
  A ball python (D:1)
3 creatures vanquished.

Notes
Turn   | Place    | Note
-------+----------+-------------------------------------------
     0 | D:1      | Madnessol the Draconian Transmuter began the quest for the
                  | Orb.
     0 | D:1      | Reached XP level 1. HP: 16/16 MP: 3/3
    92 | D:1      | Frozen to death by an endoplasm

Illustrated notes

Levels and vault maps discovered:
D:1:      ldierk_walled_garden_2, layout_basic

Action                   || total
-------------------------++-------
Melee: Unarmed           ||    16
       Tailslap          ||     1
  Use: Potion            ||     1
Armor: Skin              ||    20
Dodge: Dodged            ||     9
